[ AOE2 MATCH · #493753738 ]
UnrankedLithuanians vs Khmer
Player's team · LOSS
Rival team · WIN
[ REPLAY ANALYSIS · EXTRACTED FROM THE RECORDED GAME ]
Feudal
12:25
Castle
17:45
Imperial
39:16
| APM avg | 37.0 |
| APM peak | 75 |
| eAPM avg | 21.1 |
| Villagers / military | 124 / 99 |
Focus
⚔️ 24.5% · 🌾 75.5%
Skirmisher ×56 · Fishing Ship ×18 · Spearman ×16 · Knight ×10 · Petard ×7 · Monk ×5
Feudal
12:07
Castle
19:00
Imperial
36:47
| APM avg | 35.5 |
| APM peak | 90 |
| eAPM avg | 19.2 |
| Villagers / military | 141 / 216 |
Focus
⚔️ 28.6% · 🌾 71.4%
Spearman ×99 · Scout Cavalry ×77 · Knight ×11 · Fishing Ship ×11 · Trebuchet (Packed) ×11 · Petard ×8
Match map
Initial resources + every placement click. Lines = walls · curves = elevation contours. ◆ gold · ⬟ stone · ● berries · ✦ relic · ◌ wall gap
Your base· Open — 5t gap
ricalope27's base· Open — 14t gap
Smoothed initial terrain · ◌ = detected wall gap · hover for details
Inputs per minute
— Camo - - ricalope27
Build order — Camo
First 150 of 412 actions detected
| 0:08 | Build | Town Center |
| 1:59 | Build | Dock |
| 2:04 | Build | House |
| 2:21 | Create | Villager (Male) |
| 2:22 | Create | Villager (Male) |
| 2:22 | Create | Villager (Male) |
| 2:22 | Create | Villager (Male) |
| 2:23 | Create | Villager (Male) |
| 2:23 | Create | Villager (Male) |
| 3:38 | Create | Fishing Ship |
| 4:12 | Build | House |
| 4:43 | Create | Fishing Ship |
| 5:04 | Research | Loom |
| 5:11 | Create | Villager (Male) |
| 5:20 | Create | Fishing Ship |
| 5:35 | Build | House |
| 5:51 | Create | Villager (Male) |
| 6:14 | Create | Fishing Ship |
| 6:51 | Create | Villager (Male) |
| 6:52 | Create | Villager (Male) |
| 6:56 | Build | House |
| 7:28 | Create | Villager (Male) |
| 7:28 | Create | Villager (Male) |
| 7:29 | Create | Villager (Male) |
| 7:35 | Create | Villager (Male) |
| 7:49 | Create | Fishing Ship |
| 8:12 | Create | Villager (Male) |
| 8:25 | Create | Fishing Ship |
| 9:08 | Build | Mill |
| 9:20 | Create | Villager (Male) |
| 9:23 | Create | Villager (Male) |
| 9:24 | Create | Villager (Male) |
| 9:48 | Research | Feudal Age |
| 9:49 | Research | Feudal Age |
| 9:55 | Build | House |
| 10:22 | Build | House |
| 10:29 | Create | Fishing Ship |
| 11:30 | Create | Fishing Ship |
| 11:51 | Build | Dock |
| 11:57 | Create | Villager (Male) |
| 12:25 | Age | Feudal Age |
| 12:27 | Create | Villager (Male) |
| 12:31 | Build | Blacksmith |
| 12:42 | Build | Outpost |
| 12:58 | Create | Villager (Male) |
| 13:15 | Build | Outpost |
| 13:22 | Create | Villager (Male) |
| 13:23 | Research | Town Watch |
| 13:32 | Build | Lumber Camp |
| 14:16 | Build | Market |
| 14:24 | Create | Villager (Male) |
| 14:37 | Build | House |
| 15:01 | Create | Unit 2626 |
| 15:01 | Create | Unit 2626 |
| 15:05 | Research | Castle Age |
| 15:05 | Research | Castle Age |
| 15:07 | Research | Double-Bit Axe |
| 15:50 | Build | Mining Camp |
| 16:10 | Build | House |
| 16:15 | Build | House |
| 16:21 | Build | Gate |
| 16:37 | Research | Stone Mining |
| 17:11 | Build | Outpost |
| 17:37 | Create | Unit 2626 |
| 17:38 | Create | Unit 2626 |
| 17:45 | Age | Castle Age |
| 17:50 | Research | Bow Saw |
| 17:52 | Create | Villager (Male) |
| 17:53 | Create | Villager (Male) |
| 18:02 | Build | Monastery |
| 18:18 | Build | Watch Tower |
| 18:37 | Create | Villager (Male) |
| 18:52 | Research | War Galley (upgrade) |
| 18:52 | Research | War Galley (upgrade) |
| 19:03 | Research | Wheelbarrow |
| 19:25 | Create | Villager (Male) |
| 19:26 | Create | Villager (Male) |
| 19:40 | Build | Outpost |
| 20:14 | Build | Castle |
| 20:20 | Research | Fletching |
| 20:20 | Research | Fletching |
| 20:31 | Build | House |
| 21:00 | Create | Villager (Male) |
| 21:28 | Create | Petard |
| 21:29 | Create | Petard |
| 21:37 | Create | Villager (Male) |
| 22:00 | Create | Petard |
| 22:03 | Create | Villager (Male) |
| 22:04 | Create | Villager (Male) |
| 22:34 | Create | Petard |
| 22:34 | Create | Petard |
| 22:35 | Create | Petard |
| 22:35 | Create | Petard |
| 22:55 | Build | University |
| 23:44 | Research | Masonry |
| 23:44 | Research | Masonry |
| 24:12 | Create | Monk |
| 24:29 | Build | Town Center |
| 24:53 | Build | Dock |
| 24:55 | Build | House |
| 25:00 | Research | Tech 906 |
| 25:05 | Create | Villager (Male) |
| 25:26 | Research | Ballistics |
| 25:31 | Build | Siege Workshop |
| 25:47 | Create | Villager (Male) |
| 25:48 | Create | Villager (Male) |
| 25:48 | Create | Villager (Male) |
| 26:18 | Create | Fishing Ship |
| 26:23 | Create | Fishing Ship |
| 26:28 | Create | Fishing Ship |
| 26:33 | Create | Fishing Ship |
| 26:39 | Create | Villager (Male) |
| 26:39 | Create | Villager (Male) |
| 26:39 | Create | Villager (Male) |
| 26:40 | Create | Villager (Male) |
| 26:49 | Create | Villager (Male) |
| 26:52 | Create | Mangonel |
| 27:17 | Create | Villager (Male) |
| 27:17 | Create | Villager (Male) |
| 27:22 | Build | House |
| 27:22 | Build | House |
| 27:23 | Build | House |
| 27:24 | Build | House |
| 27:25 | Build | House |
| 27:37 | Build | House |
| 27:38 | Build | House |
| 28:05 | Research | Bodkin Arrow |
| 28:06 | Research | Bodkin Arrow |
| 28:07 | Create | Villager (Male) |
| 28:07 | Create | Villager (Male) |
| 28:07 | Create | Villager (Male) |
| 28:51 | Build | Palisade Wall |
| 29:11 | Create | Villager (Male) |
| 29:11 | Create | Villager (Male) |
| 29:11 | Create | Villager (Male) |
| 29:18 | Create | Fishing Ship |
| 29:19 | Create | Fishing Ship |
| 29:21 | Create | Fishing Ship |
| 29:31 | Research | Scale Mail Armor |
| 29:31 | Research | Scale Mail Armor |
| 29:41 | Build | Farm |
| 30:05 | Build | Fish Trap |
| 30:07 | Build | Fish Trap |
| 30:12 | Build | Fish Trap |
| 30:19 | Create | Fishing Ship |
| 30:19 | Create | Fishing Ship |
| 30:20 | Create | Fishing Ship |
| 30:21 | Create | Villager (Male) |
| 30:21 | Create | Villager (Male) |
| 30:22 | Create | Villager (Male) |
Build order — ricalope27
First 150 of 428 actions detected
| 0:34 | Build | Town Center |
| 2:33 | Create | Villager (Male) |
| 2:34 | Create | Villager (Male) |
| 2:34 | Create | Villager (Male) |
| 2:34 | Create | Villager (Male) |
| 2:34 | Create | Villager (Male) |
| 2:39 | Build | House |
| 3:41 | Build | Dock |
| 4:05 | Create | Villager (Male) |
| 4:06 | Create | Villager (Male) |
| 4:21 | Create | Villager (Male) |
| 4:21 | Create | Villager (Male) |
| 4:32 | Create | Villager (Male) |
| 4:32 | Create | Villager (Male) |
| 5:16 | Create | Villager (Male) |
| 5:17 | Create | Villager (Male) |
| 5:17 | Create | Villager (Male) |
| 5:22 | Build | House |
| 5:37 | Research | Loom |
| 6:01 | Create | Villager (Male) |
| 6:01 | Create | Villager (Male) |
| 6:01 | Create | Villager (Male) |
| 6:02 | Create | Villager (Male) |
| 6:33 | Create | Villager (Male) |
| 6:33 | Create | Villager (Male) |
| 6:39 | Create | Fishing Ship |
| 6:39 | Create | Fishing Ship |
| 6:51 | Build | House |
| 7:28 | Create | Villager (Male) |
| 7:28 | Create | Villager (Male) |
| 7:28 | Create | Villager (Male) |
| 7:28 | Create | Villager (Male) |
| 7:37 | Create | Fishing Ship |
| 8:35 | Build | House |
| 8:39 | Create | Fishing Ship |
| 8:49 | Create | Villager (Male) |
| 9:07 | Create | Fishing Ship |
| 9:23 | Create | Villager (Male) |
| 9:57 | Research | Feudal Age |
| 9:57 | Research | Feudal Age |
| 10:04 | Build | Mining Camp |
| 10:18 | Build | Mill |
| 10:44 | Build | House |
| 11:00 | Build | House |
| 11:02 | Create | Fishing Ship |
| 11:03 | Create | Fishing Ship |
| 11:23 | Create | Villager (Male) |
| 11:37 | Build | Lumber Camp |
| 12:07 | Age | Feudal Age |
| 12:31 | Create | Villager (Male) |
| 12:39 | Build | Stable |
| 12:51 | Create | Villager (Male) |
| 13:01 | Research | Double-Bit Axe |
| 13:05 | Create | Villager (Male) |
| 13:38 | Create | Villager (Male) |
| 13:41 | Build | Mining Camp |
| 14:01 | Create | Villager (Male) |
| 14:23 | Create | Villager (Male) |
| 14:35 | Build | Mill |
| 14:39 | Create | Scout Cavalry |
| 14:49 | Build | House |
| 14:54 | Create | Fishing Ship |
| 14:54 | Create | Fishing Ship |
| 15:04 | Build | House |
| 15:20 | Create | Villager (Male) |
| 15:51 | Create | Villager (Male) |
| 15:58 | Build | Farm |
| 16:03 | Build | Farm |
| 16:20 | Research | Castle Age |
| 16:20 | Research | Castle Age |
| 17:22 | Build | Outpost |
| 17:30 | Create | Villager (Male) |
| 17:30 | Create | Villager (Male) |
| 17:58 | Build | Lumber Camp |
| 18:20 | Create | Villager (Male) |
| 18:20 | Create | Villager (Male) |
| 19:00 | Age | Castle Age |
| 19:03 | Build | Town Center |
| 19:06 | Create | Villager (Male) |
| 19:06 | Create | Villager (Male) |
| 19:51 | Create | Fishing Ship |
| 19:51 | Create | Fishing Ship |
| 20:33 | Build | Castle |
| 20:47 | Create | Villager (Male) |
| 20:48 | Create | Villager (Male) |
| 20:48 | Create | Villager (Male) |
| 20:48 | Create | Villager (Male) |
| 20:53 | Create | Villager (Male) |
| 20:53 | Create | Villager (Male) |
| 20:53 | Create | Villager (Male) |
| 21:31 | Build | Siege Workshop |
| 21:39 | Create | Petard |
| 21:40 | Create | Petard |
| 21:40 | Create | Petard |
| 21:40 | Create | Petard |
| 21:40 | Create | Petard |
| 21:40 | Create | Petard |
| 22:06 | Create | Villager (Male) |
| 22:06 | Create | Villager (Male) |
| 22:20 | Create | Battering Ram |
| 22:26 | Create | Petard |
| 22:26 | Create | Petard |
| 23:08 | Create | Villager (Male) |
| 23:08 | Create | Villager (Male) |
| 23:25 | Build | Farm |
| 23:25 | Build | Farm |
| 23:26 | Build | Farm |
| 23:26 | Build | Farm |
| 23:26 | Build | Farm |
| 23:46 | Create | Battering Ram |
| 24:23 | Create | Villager (Male) |
| 24:23 | Create | Villager (Male) |
| 24:24 | Create | Villager (Male) |
| 24:48 | Build | Town Center |
| 25:14 | Build | Farm |
| 25:14 | Build | Farm |
| 25:14 | Build | Farm |
| 25:15 | Build | Farm |
| 25:15 | Build | Farm |
| 25:15 | Build | Farm |
| 25:15 | Build | Farm |
| 25:15 | Build | Farm |
| 25:16 | Build | Farm |
| 25:16 | Build | Farm |
| 25:16 | Build | Farm |
| 25:16 | Build | Farm |
| 25:16 | Build | Farm |
| 25:38 | Create | Villager (Male) |
| 25:39 | Create | Villager (Male) |
| 26:03 | Create | Villager (Male) |
| 26:03 | Create | Villager (Male) |
| 26:03 | Create | Villager (Male) |
| 26:05 | Build | Farm |
| 26:11 | Create | Villager (Male) |
| 26:12 | Create | Villager (Male) |
| 26:29 | Create | Villager (Male) |
| 26:29 | Create | Villager (Male) |
| 26:34 | Build | Farm |
| 26:41 | Create | Villager (Male) |
| 26:41 | Create | Villager (Male) |
| 26:57 | Create | Villager (Male) |
| 26:57 | Create | Villager (Male) |
| 27:00 | Build | Farm |
| 27:00 | Build | Farm |
| 27:01 | Build | Farm |
| 27:01 | Build | Farm |
| 27:01 | Build | Farm |
| 27:01 | Build | Farm |
| 27:02 | Build | Farm |
| 27:34 | Create | Villager (Male) |
Match timeline
| 1:59 | Camo · first_building Dock |
| 3:41 | ricalope27 · first_building Dock |
| 12:07 | ricalope27 · age_up feudal |
| 12:25 | Camo · age_up feudal |
| 12:39 | ricalope27 · first_building Stable |
| 17:45 | Camo · age_up castle |
| 18:02 | Camo · first_building Monastery |
| 18:36 | Camo · first_market_buy 100 stone |
| 19:00 | ricalope27 · age_up castle |
| 20:14 | Camo · first_building Castle |
| 20:19 | Camo · first_market_sell 100 food |
| 20:33 | ricalope27 · first_building Castle |
| 21:31 | ricalope27 · first_building Siege Workshop |
| 25:31 | Camo · first_building Siege Workshop |
| 28:51 | Camo · wall_segment Palisade Wall x1 |
| 31:33 | Camo · wall_segment Stone Wall x10 |
| 32:41 | Camo · first_building Barracks |
| 33:34 | ricalope27 · first_market_buy 100 food |
| 35:06 | ricalope27 · first_building Barracks |
| 36:47 | ricalope27 · age_up imperial |
| 36:51 | Camo · first_building Stable |
| 39:16 | Camo · age_up imperial |
| 44:56 | Camo · first_building Archery Range |
| 49:40 | ricalope27 · first_building Monastery |
| 54:39 | Camo · wall_segment Palisade Wall x1 |
| 58:31 | Camo · resign |
[ AI ANALYSIS · 1 CREDIT ]
What really happened in this match?
Wolo.gg analyzes every decision: build order, eco, micro, common mistakes by bracket. Personalized analysis on WhatsApp or Discord in 30 seconds.
Civ guide
Lithuanians
Perfil
Camo